 Dungeon Crawl Stone Soup version 0.28-a0-691-gad6df49e81 (webtiles) character file.

Game seed: 17168444055128321885

115 timneilson the Covered (level 5, -10/33 HPs)
             Began as a Gargoyle Fighter on Oct 21, 2021.
             Mangled by an ogre (14 damage)
             ... on level 4 of the Dungeon.
             The game lasted 00:05:38 (3699 turns).

timneilson the Covered (Gargoyle Fighter)           Turns: 3699, Time: 00:05:39

Health: -10/33     AC: 16    Str: 21    XL:     5   Next: 0%
Magic:  5/5        EV:  7    Int:  8    God:
Gold:   157        SH:  5    Dex:  9    Spells: 4/4 levels left

rFire   . . .      SeeInvis .   a - +1 long sword
rCold   . . .      Faith    .   k - +1 buckler {AC+3}
rNeg    + . .      Spirit   .   b - +0 scale mail
rPois   ∞          Reflect  .   j - +1 helmet
rElec   +          Harm     .   (no cloak)
rCorr   .          Rampage  .   (no gloves)
Will    .....                   (no boots)
Stlth   ..........              (no amulet)
HPRegen 0.11/turn               (no ring)
MPRegen 0.09/turn               (no ring)

@: mighty, constricted
A: sickness immunity, AC +4, negative energy resistance 1, electricity
resistance, torment resistance 1, petrification resistance
a: no special abilities


You were on level 4 of the Dungeon.
You visited 1 branch of the dungeon, and saw 4 of its levels.

You collected 157 gold pieces.

Inventory:

Hand Weapons
 a - a +1 long sword (weapon)
Armour
 b - a +0 scale mail (worn)
 j - a +1 helmet (worn)
 k - a +1 buckler of protection (worn)
Wands
 n - a wand of iceblast (4)
Scrolls
 h - a scroll of teleportation
Potions
 d - a potion of might
 e - a potion of ambrosia
 i - a potion of flight {unknown}
 m - a potion of heal wounds {unknown}


   Skills:
 + Level 3.7 Fighting
 * Level 2.6 Long Blades
 * Level 4.2 Armour
 + Level 1.1 Dodging
 * Level 4.1 Shields


You had 4 spell levels left.
You didn't know any spells.
Your spell library was empty.

Dungeon Overview and Level Annotations

Branches:
Dungeon (4/15)
 Temple: D:4-7

Altars:
The Shining One

Shops:
D:2 [


Innate Abilities, Weirdness & Mutations

You are immune to sickness and miasma.
Your stone body is resilient. (AC +4)
You are immune to poison.
You resist negative energy. (rN+)
You are resistant to electric shocks. (rElec)
You are resistant to unholy torment.
You are immune to petrification.


Message History

The hobgoblin shouts!
A ball python and an ogre come into view.
Found a short sword.
The ogre shouts!
The ball python hisses angrily.
The ogre moves out of view.
An endoplasm comes into view.
Found 2 scrolls of identify.
The endoplasm quivers.
You block the hobgoblin's attack.
You closely miss the hobgoblin.
The hobgoblin hits you but does no damage.
You hit the hobgoblin.
The hobgoblin is almost dead.
The hobgoblin hits you but does no damage.
You feel very mighty all of a sudden.
The ball python bites you but does no damage.
The ball python grabs you. The ball python constricts you.
The hobgoblin completely misses you.
The ball python bites you but does no damage.
The ball python constricts you.
You slash the hobgoblin!
You kill the hobgoblin!
The ball python bites you but does no damage.
The ball python constricts you. The ogre hits you with a +0 giant club!
You have reached level 5!
You slash the ogre!
The ogre is heavily wounded.
The ball python bites you but does no damage.
The ball python constricts you. You block the endoplasm's attack.
The ball python bites you but does no damage.
The ball python constricts you.
The ogre hits you with a +0 giant club!!
Ouch! That really hurt!
* * * LOW HITPOINT WARNING * * *
You completely miss the ogre.
The ogre is heavily wounded.
The endoplasm hits you but does no damage.
The ball python completely misses you. The ball python constricts you.
The ogre hits you with a +0 giant club!
You die...

.. ... .) ...##..
...#..? ..... ##
## ##..###..#
..##.###J..#.#..#
...<..O@..##.....
##.#..S#.....#
..####......#
.##.. ##.....#
.....###.....##
............>#
.......##...##
.......#.....#
............##


You could see an ogre, an endoplasm and a ball python.

Vanquished Creatures
  Robin (D:2)
  2 adders
  2 worms
  2 dart slugs (D:3)
  6 orcs
  4 bats
  5 endoplasms
  A giant cockroach (D:2)
  13 goblins
  7 hobgoblins
  3 jackals (D:2)
  2 quokkas (D:3)
  4 ball pythons
  6 kobolds
  6 rats
64 creatures vanquished.

Vanquished Creatures (others)
  2 plants (D:1)
2 creatures vanquished.

Grand Total: 66 creatures vanquished

Notes
Turn   | Place    | Note
-------+----------+-------------------------------------------
     0 | D:1      | timneilson the Gargoyle Fighter began the quest for the
                  | Orb.
     0 | D:1      | Reached XP level 1. HP: 14/14 MP: 1/1
    28 | D:1      | Found a faded altar of an unknown god.
   698 | D:1      | Reached XP level 2. HP: 19/19 MP: 2/2
  1329 | D:2      | Reached XP level 3. HP: 23/23 MP: 3/3
  1642 | D:2      | Noticed Robin
  1652 | D:2      | Killed Robin
  1691 | D:2      | Reached XP level 4. HP: 2/28 MP: 4/4
  2044 | D:2      | Found Har Zeos's Antique Armour Boutique.
  2949 | D:3      | Found a glowing golden altar of the Shining One.
  3042 | D:3      | Reached skill level 1 in Dodging
  3692 | D:4      | Noticed an ogre
  3698 | D:4      | Reached XP level 5. HP: 22/33 MP: 5/5
  3699 | D:4      | Mangled by an ogre

Illustrated notes

Levels and vault maps discovered:
D:1:      dpeg_arrival_erosion, layout_loops_corners,
          chequers_ecumenical_altar_simple, serial_bayou_lake_a
D:2:      layout_basic, serial_shops, nicolae_shop_overgrown_old_shop,
          minmay_goblin_kobold_house, uniq_robin
D:3:      layout_basic, tso_altar
D:4:      layout_cave_pools, mainiacjoe_overflow_catwalk,
          minmay_overflow_temple_star_quad, gup_sewer_entry_spiral,
          uniq_crazy_yiuf_cottage

Skill      XL: |  1  2  3  4 |
---------------+-------------+-----
Long Blades    | 2 |  2.6
Armour         | 4 |  4.2
Shields        | 4 |  4.1
Dodging        | 1 |  1.1
Fighting       | |  3.7

Action                   |  1- 3 |  4- 6 || total
-------------------------+-------+-------++-------
Melee: Long sword        |    84 |    98 ||   182
  Use: Scroll            |     3 |     6 ||     9
       Potion            |     1 |     1 ||     2
Armor: Scale mail        |    49 |    44 ||    93
Dodge: Dodged            |    30 |    36 ||    66
Block: Buckler           |    19 |    37 ||    56

Table legend: (Time is in decaauts)
 A = Elapsed time spent in this place.
 B = Non-inter-level travel time spent in this place.
 C = Inter-level travel time spent in this place.
 D = Time resting spent in this place.
 E = Time spent auto-exploring this place.
 F = Levels seen in this place.
 G = Mean time per level.
                   A        B        C        D        E       F      G
               +--------+--------+--------+--------+--------+-----+--------+
         Total |   3779 |   3677 |    102 |      9 |   3083 |   4 |  944.8 |
       Dungeon |   3779 |   3677 |    102 |      9 |   3083 |   4 |  944.8 |
               +--------+--------+--------+--------+--------+-----+--------+

Top non-repeatable levels by time:
     D:2: 1333 daAuts
     D:3: 1312 daAuts
     D:1: 1117 daAuts
     D:4: 15 daAuts
